 Dungeon Sprint DCSS version 0.27-a0-1245-g940ed4fa31 (webtiles) character file.

Game seed: 5718720486317560270

189 night the Grappler (level 5, -11/75 HPs)
             Began as a Troll Fighter on June 9, 2021.
             Was an Initiate of Gozag.
             Mangled by a troll (13 damage)
             ... in the Dungeon (Sprint IX: "|||||||||||||||||||||||||||||").
             The game lasted 00:00:55 (96 turns).

night the Grappler (Troll Fighter)                    Turns: 96, Time: 00:00:55

Health: -11/75     AC:  4    Str: 28    XL:     5   Next: 40%
Magic:  4/4        EV:  9    Int:  7    God:    Gozag
Gold:   0          SH: 10    Dex:  9    Spells: 4/4 levels left

rFire    . . .     SeeInvis .     - Unarmed
rCold    . . .     Faith    .   b - +0 kite shield
rNeg     . . .     Spirit   .   a - +0 robe
rPois    .         Reflect  .   (helmet restricted)
rElec    .         Harm     .   (no cloak)
rCorr    .         Rampage  .   (gloves unavailable)
Will     .....     NoTele   +   (boots unavailable)
Stlth    ..........             (no amulet)
HPRegen  1.22/turn              m - +3 ring of strength
MPRegen  0.09/turn              n - +3 ring of intelligence

@: berserking, gold aura, very quick
A: large, unfitting armour, claws 3, regeneration 1, shaggy fur 1, tough skin 1
a: Renounce Religion, Potion Petition, Call Merchant, Bribe Branch


You were in the Dungeon.
You worshipped Gozag.
Gozag was noncommittal.
You visited 1 branch

Inventory:

Armour
 a - a +0 robe (worn)
 b - a +0 kite shield (worn)
Jewellery
 m - a +3 ring of strength (left claw)
 n - a +3 ring of intelligence (right claw)
Wands
 l - a wand of acid (10)
Scrolls
 i - 2 scrolls of blinking
 k - 2 scrolls of amnesia
Potions
 c - a potion of might
 d - 5 potions of curing
 e - 3 potions of heal wounds
 f - a potion of haste
 g - 4 potions of magic
 j - a potion of invisibility


   Skills:
 - Level 2.4 Fighting
 - Level 2.4 Dodging
 + Level 5.9 Shields
 * Level 9.3 Unarmed Combat


You had 4 spell levels left.
You didn't know any spells.
Your spell library was empty.

Dungeon Overview and Level Annotations

Branches:
Dungeon (1/1)

Altars:
Cheibriados
Dithmenos
Elyvilon
Fedhas
Gozag
Hepliaklqana
Kikubaaqudgha
Makhleb
Nemelex Xobeh
Okawaru
Qazlal
Ru
Sif Muna
Trog
Uskayaw
Vehumet
Wu Jian
Xom
Yredelemnul
Zin
The Shining One
Beogh
Jiyva
Lugonu


Innate Abilities, Weirdness & Mutations

You are too large for most types of armour.
You have claws for hands.
Your natural rate of healing is unusually fast.
You are covered in fur. (AC +1)
You have tough skin. (AC +1)


Message History

The jackal zombie bites you but does no damage.
You claw the jackal zombie!
You destroy the jackal zombie!
You barely miss the orc warrior.
The orc warrior hits you with a +0 short sword!
You claw the orc warrior!
The orc warrior is moderately wounded.
You block the orc warrior's attack.
You scratch the orc warrior but do no damage.
The orc warrior is moderately wounded.
The orc warrior hits you with a +0 short sword!
A red film seems to cover your vision as you go berserk!
You feel yourself moving faster!
You feel mighty!
The orc warrior hits you with a +0 short sword.
You scratch the orc warrior.
The orc warrior is heavily wounded.
You mangle the orc warrior!!
You kill the orc warrior!
Your Shields skill increases to level 5!
Your Unarmed Combat skill gained 2 levels and is now at level 9!
You have reached level 5!
You barely miss the troll. The troll bites you!
The troll claws you but does no damage. x2
You claw the troll!
The troll is lightly wounded.
You mangle the troll!!
The troll is severely wounded.
The troll bites you!
* * * LOW HITPOINT WARNING * * *
The troll barely misses you. The troll claws you!
* * * LOW HITPOINT WARNING * * *
You claw the troll!
The troll is almost dead.
The troll bites you.
* * * LOW HITPOINT WARNING * * *
The troll claws you.
* * * LOW HITPOINT WARNING * * *
The troll claws you!
You die...
Your body crumbles into a pile of gold. ▓▓▓▓▓▓▓▓▓▓▓▓▓▓▓▓▓▓▓▓▓▓▓▓ ...KyyT@.[[[.)..'_______ ▓▓▓▓▓▓▓▓▓▓▓▓▓▓▓▓▓▓▓▓▓▓▓▓ $ $ $$$$$ $ $ $ $$$$$ $$$$$$

You could see a troll, a hornet, a vampire mosquito and a kobold brigand.

Vanquished Creatures
  An orc warrior (D)
  A hound (D)
  A jelly (D)
  An iguana (D)
  A dart slug (D)
  2 orcs (D)
  2 ball pythons (D)
  A jackal zombie (D)
  A kobold (D)
  A rat (D)
12 creatures vanquished.

Notes
Turn   | Place    | Note
-------+----------+-------------------------------------------
     0 | D        | night the Troll Fighter began the quest for the Orb.
     0 | D        | Reached XP level 1. HP: 22/22 MP: 0/0
     9 | D        | Reached skill level 3 in Unarmed Combat
    21 | D        | Noticed a hound
    21 | D        | Noticed an iguana
    21 | D        | Noticed a jelly
    22 | D        | Killed a jelly
    23 | D        | Reached skill level 5 in Unarmed Combat
    23 | D        | Reached XP level 2. HP: 29/29 MP: 1/1
    23 | D        | Reached XP level 3. HP: 36/36 MP: 2/2
    30 | D        | Reached skill level 6 in Unarmed Combat
    32 | D        | Reached skill level 7 in Unarmed Combat
    32 | D        | Reached XP level 4. HP: 44/44 MP: 3/3
    40 | D        | Found a snail-covered altar of Cheibriados.
    40 | D        | Found a shadowy altar of Dithmenos.
    40 | D        | Found a white marble altar of Elyvilon.
    40 | D        | Found a blossoming altar of Fedhas.
    40 | D        | Found an opulent altar of Gozag.
    41 | D        | Found a hazy altar of Hepliaklqana.
    42 | D        | Found a viscous altar of Jiyva.
    43 | D        | Found an ancient bone altar of Kikubaaqudgha.
    44 | D        | Found a corrupted altar of Lugonu.
    45 | D        | Found a burning altar of Makhleb.
    46 | D        | Found a sparkling altar of Nemelex Xobeh.
    47 | D        | Found an iron altar of Okawaru.
    48 | D        | Became a worshipper of Gozag Ym Sagoz the Greedy
    49 | D        | Found a stormy altar of Qazlal.
    50 | D        | Found a sacrificial altar of Ru.
    51 | D        | Found a shimmering blue altar of Sif Muna.
    52 | D        | Found a bloodstained altar of Trog.
    53 | D        | Found a hide-covered altar of Uskayaw.
    54 | D        | Found a radiant altar of Vehumet.
    55 | D        | Found an ornate altar of the Wu Jian Council.
    56 | D        | Found a shimmering altar of Xom.
    57 | D        | Found a basalt altar of Yredelemnul.
    58 | D        | Found a glowing silver altar of Zin.
    59 | D        | Found a glowing golden altar of the Shining One.
    85 | D        | Noticed a kobold brigand
    85 | D        | Noticed a hornet
    85 | D        | Noticed a vampire mosquito
    85 | D        | Noticed a troll
    85 | D        | Noticed an orc warrior
    92 | D        | Killed an orc warrior
    93 | D        | Reached skill level 5 in Shields
    93 | D        | Reached skill level 9 in Unarmed Combat
    93 | D        | Reached XP level 5. HP: 38/50 MP: 4/4
    95 | D        | HP: 9/75 [troll (10)]
    96 | D        | HP: 2/75 [troll (6)]
    96 | D        | Mangled by a troll

Illustrated notes

Levels and vault maps discovered:
D:        linesprint [early_d, line_temple, items_1, d_10, items_2, lair_1,
          lair_end, items_3, orc_1, orc_end, items_4, d_15, swamp_1, shoals_1,
          snake_1, spider_1, d_20, vaults_1, items_5, swamp_end, shoals_end,
          snake_end, spider_end, vaults_end, d_27, items_6, zot_1, zot_end,
          crypt_end, forest_end, elf_end, slime_end, tomb_end, abyss_end,
          pan_hell_end]

Skill      XL: |  1  2  3  4 |
---------------+-------------+-----
Unarmed Combat | 5 7 9 |  9.3
Shields        | 3 4 5 |  5.9
Fighting       | |  2.4
Dodging        | |  2.4

Action                   |  1- 3 |  4- 6 || total
-------------------------+-------+-------++-------
Melee: Unarmed           |    21 |    12 ||    33
  Use: Potion            |       |     1 ||     1
Armor: Robe              |     5 |     3 ||     8
Dodge: Dodged            |     5 |     2 ||     7
Block: Kite shield       |     6 |     1 ||     7

Table legend: (Time is in decaauts)
 A = Elapsed time spent in this place.
 B = Non-inter-level travel time spent in this place.
 C = Inter-level travel time spent in this place.
 D = Time resting spent in this place.
 E = Time spent auto-exploring this place.
 F = Levels seen in this place.
 G = Mean time per level.
                   A        B        C        D        E       F      G
               +--------+--------+--------+--------+--------+-----+--------+
         Total |     95 |     95 |      0 |      0 |      2 |   1 |   95.0 |
       Dungeon |     95 |     95 |      0 |      0 |      2 |   1 |   95.0 |
               +--------+--------+--------+--------+--------+-----+--------+

Top non-repeatable levels by time:
       D: 95 daAuts
